 Dungeon Crawl Stone Soup version 0.31-a0-37-g98a128e1d9 (webtiles) character file.

Game seed: 12257913548988273547

222 pk666 the Magician (level 5, -1/28 HPs)
             Began as a Deep Elf Fire Elementalist on May 15, 2023.
             Was an Initiate of Vehumet.
             Succumbed to a water moccasin's poison
             ... on level 4 of the Dungeon.
             The game lasted 00:08:19 (3585 turns).

pk666 the Magician (Deep Elf Fire Elementalist)     Turns: 3585, Time: 00:08:20

Health: -1/28      AC:  4    Str:  5    XL:     5   Next: 66%
Magic:  10/14      EV: 12    Int: 22    God:    Vehumet [......]
Gold:   80         SH:  0    Dex: 15    Spells: 13/14 levels left

rFire   . . .        o - +0 short sword
rCold   . . .        (no shield)
rNeg    . . .        a - +0 robe
rPois   .            (no helmet)
rElec   .            (no cloak)
rCorr   .            (no gloves)
SInv    .            p - +1 pair of boots
Will    +....        (no amulet)
Stlth   ++           n - ring of willpower
HPRegen 0.24/turn    (no ring)
MPRegen 0.14/turn

%: no passive effects
@: lethally poisoned (-1 -> -16)
A: no striking features
a: Renounce Religion


You were on level 4 of the Dungeon.
You worshipped Vehumet.
Vehumet was noncommittal.
You visited 1 branch of the dungeon, and saw 4 of its levels.

You collected 80 gold pieces.

Inventory:

Hand Weapons
 o - a +0 short sword (weapon)
Armour
 a - a +0 robe (worn)
 p - a +1 pair of boots (worn)
Jewellery
 n - a ring of willpower (left hand)
Scrolls
 c - a scroll of teleportation {unknown}
 d - a scroll of poison
 e - 3 scrolls of identify
 h - a scroll of amnesia {unknown}
 i - a scroll of torment {unknown}
 k - a scroll of blinking {unknown}
 m - a scroll of fog {unknown}
Potions
 b - 2 potions of magic
 f - 2 potions of cancellation
 j - a potion of berserk rage {unknown}
 l - a potion of attraction {unknown}
 q - a potion of lignification {unknown}


   Skills:
 - Level 2.4 Dodging
 - Level 2.4 Stealth
 + Level 5.2 Spellcasting
 + Level 3.6 Conjurations
 + Level 4.9 Fire Magic


You had 13 spell levels left.
You knew the following spells:

 Your Spells              Type           Power      Damage    Failure   Level
a - Foxfire               Conj/Fire      96%        2x1d8     1%          1

Your spell library contained the following spells:

 Spells                   Type           Power      Damage    Failure   Level
 Scorch                   Fire           54%        2d7       1%          2
 Inner Flame              Hex/Fire       16%        N/A       11%         3
 Volatile Blastmotes      Fire/Tloc      32%        2d12      11%         3
 Flame Wave               Conj/Fire      24%        2d8       17%         4
 Sticky Flame             Conj/Fire      24%        2d5       17%         4
 Conjure Ball Lightning   Conj/Air       6%         3x3d6     100%        6
 Discord                  Hex            2%         N/A       100%        8
 Disjunction              Tloc           2%         N/A       100%        8


Dungeon Overview and Level Annotations

Branches:
Dungeon (4/15)
 Temple: D:4-7

Altars:
Elyvilon
Fedhas
Makhleb
Vehumet

Shops:
D:1 [   D:4 *=


Message History

Casting: Foxfire (safe; 1% risk of failure)
Confirm with . or Enter, or press ? or * to list all spells.
You conjure some foxfire!
You feel sick.
The water moccasin barely misses you. x2
You feel sick.
The foxfire hits the water moccasin.
The water moccasin is lightly wounded.
The foxfire hits the water moccasin.
The water moccasin is moderately wounded.
The water moccasin bites you!
* * * LOW HITPOINT WARNING * * *
You feel better.
The water moccasin closely misses you. x2
Casting: Foxfire (safe; 1% risk of failure)
Confirm with . or Enter, or press ? or * to list all spells.
You conjure some foxfire!
The water moccasin bites you but does no damage.
The foxfire hits the water moccasin.
The water moccasin is moderately wounded.
The foxfire hits the water moccasin.
The water moccasin is heavily wounded.
The water moccasin bites you!
* * * LOW HITPOINT WARNING * * *
There are no items here.
You feel better. The water moccasin closely misses you.
The water moccasin bites you but does no damage.
Casting: Foxfire (safe; 1% risk of failure)
Confirm with . or Enter, or press ? or * to list all spells.
You conjure some foxfire!
The water moccasin bites you.
* * * LOW HITPOINT WARNING * * *
The foxfire hits the water moccasin.
The water moccasin is severely wounded.
The foxfire hits the water moccasin.
The water moccasin is severely wounded.
The water moccasin bites you.
* * * LOW HITPOINT WARNING * * *
You are lethally poisoned!
The water moccasin poisons you!
The water moccasin completely misses you.
Casting: Foxfire (safe; 1% risk of failure)
Confirm with . or Enter, or press ? or * to list all spells.
You conjure some foxfire!
You die...

#..# .# #..# .. #####
#..##. #####...# #....
.<.##...###### ... #
........##...###'# .#
...##.#.##...##..##..#
...##..∩........Sv...#
...##.#.##......@v...#
.........+.....§.....#
........####'######..#
........##...# ###
#####'####...#
.........#...#
.........#...#
.........#...#
.........#####


You could see a water moccasin (ally target).

Vanquished Creatures
  A black bear (D:3)
  A hound (D:4)
  2 adders (D:2)
  4 worms
  2 dart slugs
  4 orcs (D:3)
  5 bats
  4 endoplasms
  3 giant cockroaches (D:1)
  4 goblins
  6 hobgoblins
  3 jackals (D:2)
  7 kobolds
  A quokka (D:1)
  6 ball pythons
  2 frilled lizards
  7 rats
62 creatures vanquished.

Vanquished Creatures (others)
  238 foxfires
238 creatures vanquished.

Grand Total: 300 creatures vanquished

Notes
Turn   | Place    | Note
-------+----------+-------------------------------------------
     0 | D:1      | pk666 the Deep Elf Fire Elementalist began the quest for
                  | the Orb.
     0 | D:1      | Reached XP level 1. HP: 10/10 MP: 6/6
    16 | D:1      | Found Ciaruhy's Armour Shoppe.
   278 | D:1      | Reached XP level 2. HP: 14/15 MP: 2/8
  1161 | D:2      | Reached XP level 3. HP: 13/19 MP: 7/10
  1365 | D:2      | Reached skill level 4 in Spellcasting
  1638 | D:2      | Reached XP level 4. HP: 24/24 MP: 7/12
  2130 | D:3      | Found a white marble altar of Elyvilon.
  2485 | D:3      | Found a blossoming altar of Fedhas.
  2964 | D:3      | Noticed a black bear
  3015 | D:3      | Killed a black bear
  3016 | D:3      | Reached skill level 5 in Spellcasting
  3016 | D:3      | Reached XP level 5. HP: 23/28 MP: 10/14
  3190 | D:3      | Found a radiant altar of Vehumet.
  3190 | D:3      | Found a burning altar of Makhleb.
  3205 | D:4      | Found Irex's Assorted Antiques.
  3395 | D:3      | Became a worshipper of Vehumet
  3490 | D:4      | Found Pupoatoe's Jewellery Emporium.
  3572 | D:4      | Noticed a water moccasin
  3585 | D:4      | Succumbed to a water moccasin's poison

Illustrated notes

Levels and vault maps discovered:
D:1:      tarquinn_simple_flora_water_d, layout_basic, serial_shops,
          nicolae_shop_hallway_stairs
D:2:      minmay_wonky_spiral, layout_basic, minmay_diced_spiral
D:3:      layout_loops_ring, grunt_temple_overflow_lords_of_destruction,
          nicolae_overflow_crystal_walls, elyvilon_altar_1, serial_rivers,
          chequers_serial_rivers_micro_d, chequers_serial_rivers_micro_e,
          chequers_serial_rivers_room_a, chequers_serial_rivers_room_a,
          chequers_serial_rivers_large_a
D:4:      layout_gridville, mainiacjoe_overflow_divided_tiny, serial_shops,
          shop_fountains, nicolae_shop_crystal

Skill      XL: |  1  2  3  4 |
---------------+-------------+-----
Conjurations   | 2 3 |  3.6
Spellcasting   | 4 5 |  5.2
Fire Magic     | 4 |  4.9
Dodging        | |  2.4
Stealth        | |  2.4

Action                     |  1- 3 |  4- 6 || total
---------------------------+-------+-------++-------
  Melee: Short sword       |       |    69 ||    69
         Unarmed           |       |     2 ||     2
         Punch             |       |     1 ||     1
   Cast: Foxfire           |    79 |    68 ||   147
    Use: Scroll            |       |     3 ||     3
         Potion            |       |     2 ||     2
 Armour: Robe              |     2 |    18 ||    20
  Dodge: Dodged            |    21 |    72 ||    93

Table legend: (Time is in decaauts)
 A = Elapsed time spent in this place.
 B = Non-inter-level travel time spent in this place.
 C = Inter-level travel time spent in this place.
 D = Time resting spent in this place.
 E = Time spent auto-exploring this place.
 F = Levels seen in this place.
 G = Mean time per level.
                   A        B        C        D        E       F      G
               +--------+--------+--------+--------+--------+-----+--------+
         Total |   3593 |   3564 |     29 |    151 |   2666 |   4 |  898.2 |
       Dungeon |   3593 |   3564 |     29 |    151 |   2666 |   4 |  898.2 |
               +--------+--------+--------+--------+--------+-----+--------+

Top non-repeatable levels by time:
     D:3: 1319 daAuts
     D:1: 1156 daAuts
     D:2: 963 daAuts
     D:4: 154 daAuts
